 Dungeon Crawl Stone Soup version 0.21-a0-515-g8d4ebbe138 (webtiles) character file.

98 JackS81 the Sneak (level 4, -7/30 HPs)
             Began as a Demonspawn Enchanter on Dec 3, 2017.
             Mangled by Sigmund
             ... wielding a +0 scythe
              (10 damage)
             ... on level 3 of the Dungeon.
             The game lasted 00:13:00 (2226 turns).

JackS81 the Sneak (Demonspawn Enchanter)            Turns: 2226, Time: 00:13:01

Health: -7/30      AC:  4    Str:  8    XL:     4   Next: 44%
Magic:  0/7        EV: 12    Int: 16    God:
Gold:   97         SH:  0    Dex: 15    Spells: 1/7 levels left

rFire    . . .     SeeInvis .   r - +4 dagger
rCold    . . .     Gourm    .   (no shield)
rNeg     . . .     Faith    .   h - +2 animal skin
rPois    .         Spirit   +   (helmet restricted)
rElec    .         Reflect  .   (no cloak)
rCorr    .         Harm     .   (no gloves)
MR       .....                  (no boots)
Stlth    ++++......             o - amulet of guardian spirit
HPRegen  0.10/turn              n - ring of flight
MPRegen  0.10/turn              (no ring)

@: very slightly contaminated
A: antennae 1, nightstalker 1
a: Evoke Flight


You were on level 3 of the Dungeon.
You were hungry.

You visited 1 branch of the dungeon, and saw 3 of its levels.

You collected 97 gold pieces.

Inventory:

Hand Weapons
 a - a +1 dagger
 r - a +4 dagger (weapon)
 s - a +0 short sword of venom
Missiles
 e - 21 sling bullets
 f - 17 arrows
 g - 106 stones (quivered)
 m - 44 poisoned needles
 y - 7 needles of sleeping
Armour
 b - a +0 robe
 h - a +2 animal skin (worn)
Jewellery
 n - a ring of flight (left hand)
 o - an amulet of guardian spirit (around neck)
Scrolls
 j - a scroll of remove curse
 v - a scroll of fear {unknown}
 w - a scroll of random uselessness {unknown}
Books
 c - a book of Maledictions

   Spells                             Type                      Level
   a - Corona                         Hexes                        1
   b - Ensorcelled Hibernation        Hexes/Ice                    2
   c - Confuse                        Hexes                        3
   d - Tukima's Dance                 Hexes                        3
   e - Dazzling Spray                 Conjuration/Hexes            3
 q - a book of Misfortune

   Spells                             Type                      Level
   a - Confusing Touch                Hexes                        1
   b - Confuse                        Hexes                        3
   c - Gell's Gravitas                Translocation                3
   d - Petrify                        Transmutation/Earth          4
   e - Metabolic Englaciation         Hexes/Ice                    5
   f - Yara's Violent Unravelling     Hexes/Transmutation          5
Comestibles
 d - 3 bread rations
 k - a royal jelly
 p - a meat ration
 u - 3 chunks of flesh


   Skills:
 * Level 1.4 Short Blades
 + Level 1.8 Dodging
 * Level 4.2 Stealth
 - Level 2.0 Spellcasting
 * Level 3.7 Hexes
 + Level 0.3 Ice Magic


You had one spell level left.
You knew the following spells:

 Your Spells              Type           Power        Failure   Level  Hunger
a - Corona                Hex            ##.....      4%          1    #......
b - Ensorcelled Hibernat  Hex/Ice        #.....       14%         2    ###....
c - Confuse               Hex            ##......     13%         3    ###....


Dungeon Overview and Level Annotations

Branches:
Dungeon (3/15)

Altars:

Annotations:
D:3 JackS81's ghost, amateur VSAs; Sigmund


Innate Abilities, Weirdness & Mutations

You have a pair of small antennae on your head.
You are slightly more attuned to the shadows.


Message History

Sigmund is moderately wounded.
You hit Sigmund.
Sigmund is moderately wounded.
Sigmund hits you with a scythe.
* * * LOW HITPOINT WARNING * * *
You hit Sigmund.
Sigmund is heavily wounded.
You aren't carrying any potions.
You closely miss Sigmund.
Sigmund is heavily wounded.
Sigmund completely misses you.
You hit Sigmund.
Sigmund is heavily wounded.
Sigmund barely misses you.
You hit Sigmund but do no damage.
Sigmund is heavily wounded.
You hit Sigmund.
Sigmund is severely wounded.
Sigmund hits you with a scythe!
You die...

#..## #.#
#...#
############.#
##..#
#............#
#.>#
#.############
##.# #.# #.#
#.# #.# #.#
#.####)#
#.@@...#
########


You could see Sigmund.

Vanquished Creatures
  Robin (D:3)
  4 adders
  A leopard gecko (D:2)
  4 orcs (D:3)
  A ball python (D:2)
  A giant cockroach (D:2)
  6 hobgoblins
  2 bats (D:3)
  2 frilled lizards
  13 goblins
  9 kobolds
  3 rats
47 creatures vanquished.

Notes
Turn   | Place    | Note
-------+----------+-------------------------------------------
     0 | D:1      | JackS81 the Demonspawn Enchanter began the quest for the Orb.
     0 | D:1      | Reached XP level 1. HP: 13/13 MP: 3/3
   280 | D:1      | Reached skill level 1 in Short Blades
   528 | D:1      | Reached skill level 3 in Stealth
   688 | D:1      | Gained mutation: You are slightly more attuned to the shadows. [demonic ancestry]
   688 | D:1      | Reached XP level 2. HP: 19/19 MP: 5/5
   692 | D:1      | Learned a level 2 spell: Ensorcelled Hibernation
   867 | D:2      | Gained mutation: You have a pair of small antennae on your head. [demonic ancestry]
   867 | D:2      | Reached XP level 3. HP: 24/24 MP: 1/6
  1431 | D:3      | Reached skill level 4 in Stealth
  1440 | D:3      | Reached XP level 4. HP: 4/30 MP: 4/7
  1454 | D:3      | Noticed Robin
  1461 | D:3      | Killed Robin
  1464 | D:3      | HP: 2/45 [poisoned by an adder]
  1789 | D:3      | Learned a level 3 spell: Confuse
  2017 | D:3      | Noticed Sigmund
  2023 | D:3      | Noticed JackS81's ghost (amateur VSAs)
  2226 | D:3      | Mangled by Sigmund

Vault maps used:
D:1:      nzn_arrival_depleted_hourglass
D:2:      first_bread, minmay_box_of_dots
D:3:      lemuel_coloured_pillars_altar, uniq_sigmund, uniq_robin

Skill      XL: |  1  2  3 |
---------------+----------+-----
Short Blades   | 1 |  1.4
Stealth        | 3 4 |  4.2
Dodging        | |  1.8
Spellcasting   | |  2.0
Hexes          | |  3.7
Ice Magic      | |  0.3

Action                   |  1- 3 |  4- 6 || total
-------------------------+-------+-------++-------
Melee: Dagger            |    81 |    46 ||   127
 Cast: Corona            |     2 |       ||     2
       Ensorcelled Hiber |     8 |    10 ||    18
  Use: Potion            |     4 |     5 ||     9
       Scroll            |       |     3 ||     3
 Stab: Sleeping          |    13 |     2 ||    15
       Invisible         |       |     5 ||     5
  Eat: Chunk             |     2 |     2 ||     4
       Fruit             |       |     1 ||     1
Armor: Robe              |     5 |       ||     5
       Skin              |       |    17 ||    17
       Animal skin       |       |     7 ||     7
Dodge: Dodged            |    40 |    22 ||    62

Table legend:
 A = Spawn XP
 B = Non-spawn XP
 C = Spawn XP percentage of total XP
 D = Spawn monster count
 E = Non-spawn monster count
 F = Spawn count percentage of total count
 G = Total turns spent on level
                    A         B        C        D         E        F      G
               +---------+---------+-------+---------+---------+-------+---------
         Total |       0 |     141 |   0.0 |       0 |      47 |   0.0 |  2226
               +---------+---------+-------+---------+---------+-------+---------
           D:1 |       0 |      12 |   0.0 |       0 |       9 |   0.0 |   720
           D:2 |       0 |      66 |   0.0 |       0 |      20 |   0.0 |   667
           D:3 |       0 |      63 |   0.0 |       0 |      18 |   0.0 |   839
               +---------+---------+-------+---------+---------+-------+---------
